 Dungeon Crawl Stone Soup version 0.31-a0-430-gf8416d752b (console) character file.

Game seed: 3117611627991202978

65 Lexodia the Scratcher (level 3, -1/16 HPs)
             Began as a Felid Shapeshifter on July 31, 2023.
             Slain by Pargi (6 damage)
             ... in a sewer.
             The game lasted 00:03:13 (1457 turns).

Lexodia the Scratcher (Felid Shapeshifter)          Turns: 1457, Time: 00:03:13

Health: -1/16      AC:  1    Str:  8 (11) XL:     3   Next: 92%
Magic:  4/4        EV: 18    Int:  7 (9)  God:
Gold:   97         SH:  0    Dex: 16 (18) Spells: 2/2 levels left
                                        Lives:  0   Deaths: 0

rFire   . .          .
                       - Unarmed
rCold   . . .        (shield unavailable)
rNeg    . . .        (body armour unavailable)
rPois   .            (helmet unavailable)
rElec   .            (cloak unavailable)
rCorr   .            (gloves unavailable)
SInv    +            (boots unavailable)
Will    .....        (no amulet)
Stlth   +            (no ring)
HPRegen 0.22/turn    (no ring)
MPRegen 0.09/turn

%: no passive effects
@: brilliant, beast-form, very slow
A: beast (slay +2), very small, claws 1, fangs 3, see invisible, speed 1, shaggy
fur 1, stealthy paws, no weapons or thrown items, no armour, multi-lived
a: Begin Untransformation


You were in a sewer.
You were a hulking beast.
You visited 1 branch of the dungeon, and saw 3 of its levels.
You also visited: Sewer.

You collected 97 gold pieces.

Inventory:

Talismans
 b - a beast talisman (active)
Scrolls
 c - a scroll of enchant armour {unknown}
 d - a scroll of immolation {unknown}
 e - a scroll of torment {unknown}
 f - a scroll of fog {unknown}
 h - 2 scrolls of teleportation {unknown}
 i - a scroll of identify {unknown}
Potions
 a - a potion of lignification
 g - a potion of curing
 j - a potion of brilliance
 k - a potion of mutation {unknown}
 l - a potion of invisibility {unknown}


   Skills:
 + Level 1.8 Fighting
 + Level 3.4 Dodging
 * Level 3.9 Unarmed Combat
 + Level 3.6 Shapeshifting


You had 2 spell levels left.
You didn't know any spells.
Your spell library contained the following spells:

 Spells                   Type           Power      Damage    Failure   Level
 Cigotuvi's Dreadful Rot  Necr/Pois/Air  0%         N/A       56%         2
 Ignite Poison            Fire/Tmut/Pois 0%         N/A       80%         3
 Volatile Blastmotes      Fire/Tloc      0%         2d10      80%         3
 Fulminant Prism          Conj/Hex       0%         3d5       99%         4
 Iskenderun's Mystic Bla  Conj/Tloc      0%         2d3       99%         4
 Freezing Cloud           Conj/Ice/Air   0%         6-21      100%        5


Dungeon Overview and Level Annotations

Branches:
Dungeon (3/15)              Sewer (1/1)

Altars:

Annotations:
Sewer Pargi


Innate Abilities, Weirdness & Mutations

You are a hulking beast.
Your limbs bulge with bestial killing power. (Slay +2)
You have sharp claws.
You have razor-sharp teeth.
You have supernaturally acute eyesight. (SInv)
You cover ground quickly. (Speed+)
You are covered in fur. (AC +1)
Your paws help you pounce on unaware monsters.
You are incapable of wielding weapons or throwing items.
You cannot wear armour.
You gain extra lives every three experience levels.


Message History

A ball python is nearby!
No reachable target in view!
No reachable target in view!
No reachable target in view!
You claw the ball python!
You kill the ball python!
No target in view!
You enter the shallow water.
Moving in this stuff is going to be slow.
A ball python comes into view.
The ball python hisses angrily.
The ball python completely misses you. The ball python closely misses you.
The ball python barely misses you. The ball python grabs you.
The ball python constricts you.
You escape the ball python's grasp.
You claw the ball python!
You kill the ball python!
You see here a ball python corpse.
A frilled lizard comes into view.
No reachable target in view!
No reachable target in view!
You enter the shallow water.
Moving in this stuff is going to be slow.
The frilled lizard hisses angrily.
You hear a shout!
Pargi the Meek comes into view.
Pargi snarls, "Go!
Away!"
Pargi misses you. Pargi completely misses you. Pargi claws you.
Damage: -6%(-1hp) hp: 94%(15hp)
You closely miss Pargi.
Okay, then.
It was a potion of brilliance.
You feel clever all of a sudden. Pargi bites you!
Ouch! That really hurt!
Pargi closely misses you. Pargi claws you.
Huge Dmg: -68%(-11hp) hp: 32%(5hp)
You enter the shallow water.
Moving in this stuff is going to be slow.
Pargi attacks as you move away! Pargi bites you.
You die...

##.~≈≈.#.≈≈≈≈≈≈≈≈≈≈≈≈≈#
##.∩∩##.†~≈≈≈≈≈≈≈≈≈≈≈≈
#######~~≈≈≈≈≈≈≈≈≈≈≈≈
###~≈≈≈≈≈≈≈≈≈≈#
#~≈≈≈≈≈≈≈≈≈≈#
##~†≈≈≈≈≈≈≈≈#
##..≈≈≈≈≈≈##
###.≈≈≈≈≈≈# #h≈≈≈≈≈≈#
#Tl≈≈≈≈≈≈ #.≈≈≈≈≈≈#
.≈≈≈≈≈≈≈# .≈≈≈≈≈≈≈≈#
#~≈≈≈≈≈≈≈≈# .≈≈≈≈≈≈≈≈≈≈
.≈≈≈≈≈≈≈≈≈##
#.≈≈≈≈≈≈≈≈≈≈


You could see Pargi and a frilled lizard.

Vanquished Creatures
  An adder (D:3)
  2 worms
  A dart slug (D:1)
  5 bats
  6 endoplasms
  4 giant cockroaches
  3 goblins
  6 hobgoblins
  A quokka (D:2)
  5 ball pythons
  A frilled lizard (D:1)
  4 kobolds
  5 rats
44 creatures vanquished.

Notes
Turn   | Place    | Note
-------+----------+-------------------------------------------
     0 | D:1      | Lexodia the Felid Shapeshifter began the quest for the Orb.
     0 | D:1      | Reached XP level 1. HP: 9/9 MP: 2/2
    45 | D:1      | Huge Dmg: 4 dmg
   225 | D:1      | Reached XP level 2. HP: 12/12 MP: 3/3
   226 | D:1      | Huge Dmg: 5 dmg
   595 | D:1      | Huge Dmg: 4 dmg
   596 | D:1      | Reached XP level 3. HP: 10/15 MP: 4/4
   990 | D:2      | Huge Dmg: 7 dmg
   991 | D:2      | Huge Dmg: 3 dmg
  1130 | D:2      | Huge Dmg: 4 dmg
  1131 | D:2      | Huge Dmg: 3 dmg
  1134 | D:2      | Huge Dmg: 5 dmg
  1142 | D:2      | Huge Dmg: 1 dmg
  1144 | D:2      | Huge Dmg: 1 dmg
  1151 | D:2      | Huge Dmg: 6 dmg
  1318 | D:2      | Found a faded altar of an unknown god.
  1318 | D:2      | Noticed a rust devil
  1409 | D:3      | Found a glowing drain.
  1422 | Sewer    | Entered a sewer
  1452 | Sewer    | Noticed Pargi
  1456 | Sewer    | Huge Dmg: 11 dmg
  1457 | Sewer    | Slain by Pargi

Illustrated notes

Levels and vault maps discovered:
D:1:      dpeg_arrival_connections, layout_loops_ring
D:2:      layout_rooms, dreamdust_ecumenical_altar_sealed_demon
D:3:      layout_basic, portal_sewer_entry_d, gammafunk_ghost_cemetery,
          skrybe_limestone_x, minmay_misc_feat_iff, minmay_increasing_density,
          uniq_ijyb
Sewer:    sewer_co_pargi_island

Skill      XL: |  1  2 |
---------------+-------+-----
Dodging        | 3 |  3.4
Fighting       | |  1.8
Unarmed Combat | |  3.9
Shapeshifting  | |  3.6

Action                     || total
---------------------------++-------
  Melee: Unarmed           ||   100
         Bite              ||     8
    Use: Potion            ||     4
   Stab: Sleeping          ||     3
 Armour: Skin              ||     6
  Dodge: Dodged            ||    74

Table legend: (Time is in decaauts)
 A = Elapsed time spent in this place.
 B = Non-inter-level travel time spent in this place.
 C = Inter-level travel time spent in this place.
 D = Time resting spent in this place.
 E = Time spent auto-exploring this place.
 F = Levels seen in this place.
 G = Mean time per level.
                   A        B        C        D        E       F      G
               +--------+--------+--------+--------+--------+-----+--------+
         Total |   1231 |   1079 |    152 |     16 |    784 |   4 |  307.8 |
       Dungeon |   1196 |   1044 |    152 |     16 |    766 |   3 |  398.7 |
         Sewer |     35 |     35 |      0 |      0 |     17 |   1 |   35.0 |
               +--------+--------+--------+--------+--------+-----+--------+

Top non-repeatable levels by time:
     D:1: 798 daAuts
     D:2: 362 daAuts
   Sewer: 35 daAuts
     D:3: 34 daAuts
